 Dungeon Crawl Stone Soup version 0.31.0-11-ge490571c62 (webtiles) character file.

Game seed: 11255018952994455652

873 bearlyready the Ruffian (level 8, -4/48 HPs)
             Began as an Octopode Shapeshifter on Feb 7, 2024.
             Succumbed to a killer bee's poison
             ... on level 5 of the Dungeon.
             The game lasted 00:06:51 (3538 turns).

bearlyready the Ruffian (Octopode Shapeshifter)     Turns: 3538, Time: 00:06:51

Health: -4/48      AC:  5    Str: 15    XL:     8   Next: 4%
Magic:  8/8        EV: 13    Int: 13    God:
Gold:   301        SH:  5    Dex: 11    Spells: 7/7 levels left

rFire   . . .        p - +1 dagger (venom)
rCold   . . .        (no shield)
rNeg    . . .        (helmet currently unavailable)
rPois   .            y - amulet of reflection
rElec   .            m - +4 ring of protection
rCorr   .            (no ring)
SInv    .            (no ring)
Will    .....        (no ring)
Stlth   ++           (no ring)
HPRegen 0.28/turn    (no ring)
MPRegen 0.11/turn    (no ring)
                     (no ring)

%: reflection
@: mighty, lethally poisoned (-4 -> -24), beast-form, attractive
A: beast (slay +3), almost no armour, amphibious, 8 rings, camouflage 1,
gelatinous body 1, (nimble swimmer 1), tentacles
a: Begin Untransformation


You were on level 5 of the Dungeon.
You were a hulking beast.
You visited 1 branch of the dungeon, and saw 6 of its levels.

You collected 301 gold pieces.

Inventory:

Hand Weapons
 p - a +1 dagger of venom (weapon)
Missiles
 e - 42 stones
 i - 11 poisoned darts (quivered)
 k - 3 atropa-tipped darts
 t - a throwing net
Jewellery
 m - a +4 ring of protection (left tentacle)
 y - an amulet of reflection (around mantle)
Talismans
 b - a beast talisman
 c - a flux talisman
 v - a blade talisman
Wands
 q - a wand of acid (3)
Scrolls
 d - a scroll of enchant armour
 f - a scroll of poison
 n - a scroll of teleportation
 o - 2 scrolls of revelation
 r - 4 scrolls of immolation {unknown}
 x - a scroll of blinking {unknown}
 z - a scroll of identify
Potions
 a - a potion of heal wounds {unknown}
 g - a potion of berserk rage {unknown}
 h - 2 potions of might
 j - a potion of attraction
 l - a potion of haste {unknown}
 s - a potion of ambrosia {unknown}
 u - a potion of invisibility {unknown}
 w - 4 potions of curing {unknown}


   Skills:
 - Level 1.0 Fighting
 - Level 2.0 Dodging
 + Level 6.9 Unarmed Combat
 + Level 6.4 Shapeshifting


You had 7 spell levels left.
You didn't know any spells.
Your spell library contained the following spells:

 Spells                   Type           Power      Damage    Failure   Level
 Fugue of the Fallen      Necr           0%         N/A       67%         3
 Inner Flame              Hex/Fire       0%         N/A       67%         3
 Ozocubu's Armour         Ice            0%         N/A       67%         3
 Flame Wave               Conj/Fire      0%         2d4       97%         4
 Manifold Assault         Tloc           0%         N/A       97%         4
 Sticky Flame             Fire/Alch      0%         2d4       97%         4


Dungeon Overview and Level Annotations

Branches:
Dungeon (6/15)
 Temple: D:4-7

Altars:
Ashenzari
Dithmenos
Nemelex Xobeh
Qazlal
Ru
Trog
Uskayaw
The Shining One

Annotations:
D:2 1 runed translucent door, Crazy Yiuf
D:6 Eustachio


Innate Abilities, Weirdness & Mutations

You are a hulking beast.
Your limbs bulge with bestial killing power. (Slay +3)
You cannot wear most types of armour.
You are amphibious.
You can wear up to eight rings at the same time.
Your skin changes colour to match your surroundings (Stealth+).
Your rubbery body absorbs attacks. (AC +1, EV +1)
((You are camouflaged when in or above water. (Stealth+)))
You have tentacles for arms and can constrict up to eight enemies at once.


Message History

You kill the killer bee!
The bolt of acid misses the killer bee.
The killer bee stings you but does no damage.
The killer bee stings you!
You are poisoned.
The killer bee poisons you! The killer bee stings you.
You have reached level 8!
Aiming: Corrosive Bolt
Press: ? - help, Shift-Dir - straight line, f/p - killer bee
Aim: a killer bee (43% to hit)
The bolt of acid misses the killer bee.
The bolt of acid hits the killer bee!
The killer bee is almost dead.
You feel very sick. The killer bee stings you!
The killer bee closely misses you. The killer bee barely misses you.
You block the killer bee's attack.
Aiming: Corrosive Bolt
Press: ? - help, Shift-Dir - straight line, f/p - killer bee
Aim: a killer bee (43% to hit)
The bolt of acid hits the killer bee!
The acid corrodes the killer bee!
The killer bee is severely wounded.
The bolt of acid misses the killer bee.
You feel sick. You block the killer bee's attack.
The killer bee stings you but does no damage.
The killer bee closely misses you. The killer bee stings you.
Okay, then.
It was a potion of might.
You feel very mighty all of a sudden.
You feel sick. The killer bee stings you.
* * * LOW HITPOINT WARNING * * *
The killer bee stings you.
* * * LOW HITPOINT WARNING * * *
You are lethally poisoned!
The killer bee poisons you! The killer bee stings you.
* * * LOW HITPOINT WARNING * * *
You are more poisoned.
The killer bee poisons you! The killer bee stings you.
* * * LOW HITPOINT WARNING * * *
It was a potion of attraction.
You feel attractive to monsters.
You die...

#.#.## ###†#.#
######.....###
#............#
#.####.#>###.#
#.#.# #.#
#.#.###.###
#....†..y.#
###.###.#h# #.#
#.#y#
.......y...y..y
########....5yy^
.........
.......^.
.........^
........^^
#..........


You could see 3 killer bees.

Vanquished Creatures
  Menkaure (D:6)
  A sky beast (D:5)
  An ogre (D:4)
  A kobold brigand (D:6)
  A scorpion (D:6)
  A killer bee (D:5)
  An orc priest (D:6)
  A bombardier beetle (D:3)
  3 hounds
  An iguana (D:3)
  Ijyb (D:3)
  2 orc wizards
  6 adders
  A white imp (D:5)
  4 dart slugs
  3 ribbon worms
  6 orcs
  5 bats
  3 endoplasms
  4 giant cockroaches
  4 goblins
  5 hobgoblins
  11 jackals
  9 kobolds
  5 quokkas
  6 ball pythons
  3 frilled lizards
  4 rats
94 creatures vanquished.

Notes
Turn   | Place    | Note
-------+----------+-------------------------------------------
     0 | D:1      | bearlyready the Octopode Shapeshifter began the quest for
                  | the Orb.
     0 | D:1      | Reached XP level 1. HP: 13/13 MP: 1/1
   292 | D:1      | Reached XP level 2. HP: 18/18 MP: 2/2
   659 | D:2      | Reached XP level 3. HP: 21/23 MP: 3/3
   873 | D:2      | Reached XP level 4. HP: 25/28 MP: 4/4
  1250 | D:2      | Found a runed translucent door.
  1251 | D:2      | Noticed Crazy Yiuf
  1431 | D:3      | Noticed Ijyb
  1441 | D:3      | Killed Ijyb
  1792 | D:3      | Reached XP level 5. HP: 18/33 MP: 5/5
  2322 | D:4      | Reached skill level 5 in Unarmed Combat
  2322 | D:4      | Reached XP level 6. HP: 36/38 MP: 6/6
  2399 | D:4      | Reached skill level 5 in Shapeshifting
  2414 | D:4      | You fall into a shaft and drop 2 floors!
  2430 | D:6      | Noticed Menkaure
  2447 | D:6      | Killed Menkaure
  2448 | D:6      | Reached XP level 7. HP: 36/43 MP: 7/7
  2673 | D:6      | Noticed Eustachio
  2679 | D:5      | Entered Level 5 of the Dungeon
  2801 | D:5      | Found a glowing golden altar of the Shining One.
  2927 | D:5      | Found a broken altar of Ashenzari.
  3025 | D:4      | Found a hide-covered altar of Uskayaw.
  3146 | D:4      | Found a sacrificial altar of Ru.
  3146 | D:4      | Found a sparkling altar of Nemelex Xobeh.
  3157 | D:4      | Found a stormy altar of Qazlal.
  3159 | D:4      | Found a shadowy altar of Dithmenos.
  3277 | D:4      | Found a bloodstained altar of Trog.
  3535 | D:5      | Reached XP level 8. HP: 28/48 MP: 8/8
  3537 | D:5      | HP: 1/48 [killer bee (2)]
  3538 | D:5      | Succumbed to a killer bee's poison

Illustrated notes

Levels and vault maps discovered:
D:1:      lemuel_arrival_cross, layout_rooms
D:2:      layout_basic, uniq_crazy_yiuf_cottage
D:3:      layout_loops_cross, dreamdust_princess_bridge, uniq_ijyb
D:4:      nicolae_cairo_tiling_large_dashed, layout_rooms,
          mainiacjoe_overflow_paths, eat_drink_and_be_merry_uskayaw,
          nicolae_overflow_macrodata_refinement
D:5:      layout_loops_ring, overflow_temple_1_default,
          mainiacjoe_overflow_alcove_4, lemuel_temple_firewalk_b, minivault_27,
          minmay_holes, kennysheep_generic_room_15
D:6:      layout_rooms, vehumet_altar_wand_db, ebering_ghost_inner_flame,
          kennysheep_generic_room_6, uniq_menkaure, uniq_sigmund, uniq_eustachio

Skill      XL: |  1  2  3  4  5  6  7 |
---------------+----------------------+-----
Unarmed Combat | 4 5 6 |  6.9
Shapeshifting  | 4 5 6 |  6.4
Fighting       | |  1.0
Dodging        | |  2.0

Action                     |  1- 3 |  4- 6 |  7- 9 || total
---------------------------+-------+-------+-------++-------
  Melee: Unarmed           |    55 |    20 |       ||    75
         Constrict         |    14 |    24 |    18 ||    56
         Tentacles         |    12 |    15 |    15 ||    42
         Punch             |     1 |     5 |     2 ||     8
         Dagger            |       |    72 |    59 ||   131
  Throw: Dart              |       |       |     4 ||     4
  Evoke: Wand              |       |       |     4 ||     4
    Use: Potion            |       |     1 |     2 ||     3
         Scroll            |       |     4 |       ||     4
   Stab: Sleeping          |     5 |     8 |     1 ||    14
 Armour: Skin              |    29 |    48 |    45 ||   122
  Dodge: Dodged            |    39 |    39 |    36 ||   114
  Block: Other             |       |       |     5 ||     5
